 Dungeon Crawl Stone Soup version 0.20.0-15-g7f486f2 (console) character file.

26 removed the Ruffian (level 2, -1/23 HPs)
             Began as a Centaur Transmuter on June 11, 2017.
             Slain by a kobold
             ... wielding a +0 short sword
              (3 damage)
             ... on level 1 of the Dungeon.
             The game lasted 00:01:01 (729 turns).

removed the Ruffian (Centaur Transmuter)             Turns: 729, Time: 00:01:01

Health: -1/23      AC:  4    Str: 12    XL:     2   Next: 89%
Magic:  0/4        EV:  9    Int: 12    God:
Gold:   30         SH:  0    Dex:  9    Spells: 3/4 levels left

rFire    . . .     SeeInvis .     - Unarmed
rCold    . . .     Gourm    .   (no shield)
rNeg     . . .     Faith    .   e - +0 leather armour (curse)
rPois    .         Spirit   +   (no helmet)
rElec    .         Reflect  .   (no cloak)
rCorr    +         Harm     .   (no gloves)
MR       .....                  (no barding)
Stlth    ..........             k - amulet of guardian spirit
Regen    0.1/turn               m - ring of resist corrosion
MPRegen  0.1/turn               (no ring)

@: very quick
A: hooves 3, deformed body, speed 2, tough skin 3
a: no special abilities


You were on level 1 of the Dungeon.
You were not hungry.

You visited 1 branch of the dungeon, and saw 1 of its levels.

You collected 30 gold pieces.

Inventory:

Missiles
 a - 12 arrows
Armour
 b - a +0 robe
 e - a cursed +0 leather armour (worn)
Jewellery
 k - an amulet of guardian spirit (around neck)
 m - a ring of resist corrosion (left hand)
Scrolls
 g - a scroll of magic mapping {unknown}
 j - 2 scrolls of identify {unknown}
Potions
 f - a potion of curing {unknown}
 h - a potion of heal wounds {unknown}
 n - a potion of brilliance {unknown}
Books
 c - a book of Changes

   Spells                             Type                      Level
   a - Beastly Appendage              Transmutation                1
   b - Sticks to Snakes               Transmutation                2
   c - Spider Form                    Transmutation/Poison         3
   d - Ice Form                       Ice/Transmutation            4
   e - Blade Hands                    Transmutation                5
Comestibles
 d - 2 bread rations
 l - a royal jelly


   Skills:
 - Level 1.0 Fighting
 - Level 1.3 Dodging
 + Level 4.1 Unarmed Combat
 - Level 1.5 Spellcasting
 - Level 1.7 Transmutations


You had 3 spell levels left.
You knew the following spells:

 Your Spells              Type           Power        Failure   Level  Hunger
a - Beastly Appendage     Tmut           #.....       17%         1    ##.....


Dungeon Overview and Level Annotations

Branches:
Dungeon (1/15)

Altars:


Innate Abilities, Weirdness & Mutations

You have hooves in place of feet.
Armour fits poorly on your strangely shaped body.
You cover ground very quickly.
You have extremely tough skin. (AC +3)


Message History

You hit the kobold.
The kobold is severely wounded.
The frilled lizard bites you.
* * * LOW HITPOINT WARNING * * *
The kobold closely misses you.
Unknown command.
The kobold closely misses you.
You start resting.
Magic restored.
You start resting.
You hit the frilled lizard.
You kill the frilled lizard!
You barely miss the kobold. Your kick misses the kobold.
The kobold is moderately wounded.
The kobold hits you with a short sword.
* * * LOW HITPOINT WARNING * * *
You hit the kobold but do no damage.
The kobold is moderately wounded.
The kobold hits you with a short sword.
You die...

#........#............#)# #.
#....#####......(.....#.# #.
#.... ##............#.# #.
#.... #.............#'#####
#....................
#.............)......
#....................
#.#########....................
#
#.##..........@................
.
#.##.........K####....#........
.##.##..........#
#....#........
..#.##..........#
#....#........
#.#.##..........#
#....#...(....
#...##..........#
#....#........
##..##..........#
#....#########
................#########
....................#


You could see a kobold.

Vanquished Creatures
  2 dart slugs (D:1)
  2 hobgoblins (D:1)
  7 jackals (D:1)
  2 bats (D:1)
  A frilled lizard (D:1)
  2 goblins (D:1)
  3 kobolds (D:1)
19 creatures vanquished.

Notes
Turn   | Place    | Note
-------+----------+-------------------------------------------
     0 | D:1      | removed the Centaur Transmuter began the quest for the Orb.
     0 | D:1      | Reached XP level 1. HP: 16/16 MP: 3/3
   192 | D:1      | Reached XP level 2. HP: 13/23 MP: 4/4
   661 | D:1      | Reached skill level 4 in Unarmed Combat
   677 | D:1      | HP: 1/23 [frilled lizard (2)]
   729 | D:1      | Slain by a kobold

Skill      XL: |  1  2 |
---------------+-------+-----
Unarmed Combat | 4 |  4.1
Fighting       | |  1.0
Dodging        | |  1.3
Spellcasting   | |  1.5
Transmutations | |  1.7

Action                   || total
-------------------------++-------
Melee: Unarmed           ||    80
       Kick              ||    12
Armor: Leather armour    ||    23
Dodge: Dodged            ||    51
